 Dungeon Crawl Stone Soup version 0.27.0-1-g7a089689b8 (webtiles) character file.

Game seed: 13460092775392743155

195 UberPyro the Cutter (level 5, -6/34 HPs)
             Began as an Octopode Gladiator on Aug 6, 2021.
             Mangled by a wight (12 damage)
             ... on level 3 of the Dungeon.
             The game lasted 00:03:37 (1977 turns).

UberPyro the Cutter (Octopode Gladiator)            Turns: 1977, Time: 00:03:37

Health: -6/34      AC:  1    Str: 15    XL:     5   Next: 74%
Magic:  5/5        EV: 13    Int: 10    God:
Gold:   83         SH:  0    Dex: 13    Spells: 4/4 levels left

rFire    . . .     SeeInvis .   a - +0 rapier
rCold    . . .     Faith    .   (no shield)
rNeg     . . .     Spirit   .   b - +0 hat
rPois    .         Reflect  .   (no amulet)
rElec    .         Harm     .   (no ring)
rCorr    .         Rampage  .   (no ring)
Will     .....                  (no ring)
Stlth    ++........             (no ring)
HPRegen  0.11/turn              (no ring)
MPRegen  0.09/turn              (no ring)
                                (no ring)
                                (no ring)

@: about to teleport
A: almost no armour, amphibious, 8 rings, camouflage 1, gelatinous body 1,
(nimble swimmer 1), tentacles
a: no special abilities


You were on level 3 of the Dungeon.
You visited 1 branch of the dungeon, and saw 3 of its levels.

You collected 83 gold pieces.

Inventory:

Hand Weapons
 a - a +0 rapier (weapon)
Missiles
 c - 3 throwing nets (quivered)
Armour
 b - a +0 hat (worn)
Scrolls
 e - 3 scrolls of identify
 f - a scroll of acquirement {unknown}
 h - a scroll of teleportation
Potions
 d - 2 potions of curing {unknown}
 g - a potion of haste {unknown}


   Skills:
 - Level 2.0 Fighting
 + Level 6.2 Short Blades
 - Level 2.0 Throwing
 - Level 3.0 Dodging


You had 4 spell levels left.
You didn't know any spells.
Your spell library contained the following spells:

 Spells                   Type           Power      Damage    Failure   Level
 Corona                   Hex            0%         N/A       36%         1
 Ensorcelled Hibernation  Hex/Ice        0%         N/A       50%         2
 Tukima's Dance           Hex            0%         N/A       75%         3


Dungeon Overview and Level Annotations

Branches:
Dungeon (3/15)

Altars:
Okawaru


Innate Abilities, Weirdness & Mutations

You cannot wear most types of armour.
You are amphibious.
You can wear up to eight rings at the same time.
Your skin changes colour to match your surroundings (Stealth+).
Your rubbery body absorbs attacks. (AC +1, EV +1)
((You are camouflaged near water. (Stealth+)))
You have tentacles for arms and can constrict up to eight enemies at once.


Message History

You see here a +0 scale mail.
There are monsters nearby!
A wight comes into view.
It is wielding a +2 short sword of freezing.
You see here a +0 scale mail.
You barely miss the wight. Your grab misses the wight.
The wight hits you with a +3 long sword.
You feel drained.
You hit the wight but do no damage. You grab the wight.
You constrict the wight, but do no damage.
The wight hits you with a +3 long sword!
You feel drained.
You hit the wight but do no damage.
You squeeze the wight, but do no damage.
You constrict the wight, but do no damage.
The wight misses you.
Unknown command.
You barely miss the wight.
You constrict the wight, but do no damage.
The wight barely misses you.
You puncture the wight!
The wight is moderately damaged.
You constrict the wight. You hit the wight. You squeeze the wight.
The wight is almost destroyed.
You constrict the wight.
The wight hits you with a +3 long sword.
You feel drained.
You hit the wight but do no damage.
The wight is almost destroyed.
You constrict the wight, but do no damage.
The wight hits you with a +3 long sword!
* * * LOW HITPOINT WARNING * * *
You hit the wight.
You destroy the wight!
Your life force feels restored.
Your Short Blades skill increases to level 6!
As you read the scroll of teleportation, it crumbles to dust.
You feel strangely unstable.
The wight hits you with a +0 long sword!
You die...

##.# #.........#
#.# #'#.......#
##.# #.###.#####
##..#####..##..#
##...........##.#
+...⌠..<..⌠...'.#
##...........####
##..#####..##
##.# #@### #+#
##z#.#
##.####.z..#
...........#
........####
........#
........#
........#
........#


You could see 2 wights.

Vanquished Creatures
  A wight (D:3)
  An orc priest (D:3)
  5 gnolls
  2 adders (D:2)
  3 dart slugs
  4 orcs (D:3)
  5 endoplasms
  4 giant cockroaches
  2 goblins
  6 hobgoblins
  3 quokkas
  4 ball pythons
  2 bats (D:1)
  2 frilled lizards
  4 kobolds
  A rat (D:1)
49 creatures vanquished.

Notes
Turn   | Place    | Note
-------+----------+-------------------------------------------
     0 | D:1      | UberPyro the Octopode Gladiator began the quest for the
                  | Orb.
     0 | D:1      | Reached XP level 1. HP: 14/14 MP: 1/1
   381 | D:1      | Reached XP level 2. HP: 19/19 MP: 2/2
   401 | D:1      | Reached skill level 4 in Short Blades
   568 | D:1      | Reached XP level 3. HP: 24/24 MP: 3/3
   878 | D:2      | Found an iron altar of Okawaru.
   893 | D:2      | Found a faded altar of an unknown god.
  1040 | D:2      | Reached XP level 4. HP: 21/29 MP: 4/4
  1336 | D:2      | You fall into a shaft and drop 1 floor!
  1437 | D:3      | Reached skill level 5 in Short Blades
  1556 | D:3      | Reached XP level 5. HP: 18/34 MP: 5/5
  1977 | D:3      | Reached skill level 6 in Short Blades
  1977 | D:3      | Mangled by a wight

Illustrated notes

Levels and vault maps discovered:
D:1:      doesnt_arrival_eight_statues, layout_rooms, minivault_19
D:2:      layout_basic, basic_altar, chequers_ecumenical_altar_island,
          minmay_misc_feat_diagonals
D:3:      layout_basic, grunt_ministairs_15, nrook_mini_vaults,
          minmay_curled_crystal, supply_closet_lemuel,
          chequers_serial_rivers_large_a

Skill      XL: |  1  2  3  4  5 |
---------------+----------------+-----
Short Blades   | 4 5 6 |  6.2
Fighting       | |  2.0
Throwing       | |  2.0
Dodging        | |  3.0

Action                   |  1- 3 |  4- 6 || total
-------------------------+-------+-------++-------
Melee: Rapier            |    49 |    40 ||    89
       Constrict         |    15 |    10 ||    25
       Tentacles         |     9 |     9 ||    18
  Use: Scroll            |       |     5 ||     5
 Stab: Sleeping          |     2 |     5 ||     7
Armor: Skin              |     3 |       ||     3
Dodge: Dodged            |    28 |     8 ||    36
